 Dungeon Crawl Stone Soup version 0.26.0-10-g1f06aea511 (webtiles) character file.

Game seed: 143685147986710595

1412 Dirian the Cleaver (level 8, -6/70 HPs)
             Began as a Hill Orc Fighter on Jan 16, 2021.
             Was a Follower of Beogh.
             Mangled by a two-headed ogre
             ... wielding a +0 giant club
              (24 damage)
             ... on level 6 of the Dungeon.
             The game lasted 00:07:01 (5614 turns).

Dirian the Cleaver (Hill Orc Fighter)               Turns: 5614, Time: 00:07:01

Health: -6/70      AC: 13    Str: 21    XL:     8   Next: 70%
Magic:  8/8        EV:  8    Int:  8    God:    Beogh [*.....]
Gold:   372        SH: 11    Dex: 10    Spells: 7/7 levels left

rFire    . . .     SeeInvis +   a - +0 war axe
rCold    . . .     Faith    .   c - +1 kite shield
rNeg     . . .     Spirit   .   p - +4 ring mail
rPois    .         Reflect  .   (no helmet)
rElec    .         Harm     .   s - +0 cloak
rCorr    +         Rampage  .   h - +1 pair of gloves
Will     .....                  (no boots)
Stlth    ..........             (no amulet)
HPRegen  0.21/turn              q - ring of see invisible
MPRegen  0.11/turn              i - ring of resist corrosion

@: no status effects
A: no striking features
a: Renounce Religion


You were on level 6 of the Dungeon.
You worshipped Beogh.
Beogh was aware of your devotion.
You visited 1 branch of the dungeon, and saw 6 of its levels.
You also visited: Sewer.

You collected 372 gold pieces.

Inventory:

Hand Weapons
 a - a +0 war axe (weapon)
 l - a +0 hand axe
Armour
 c - a +1 kite shield (worn)
 h - a +1 pair of gloves (worn)
 p - a +4 ring mail (worn)
 s - a +0 cloak (worn)
Jewellery
 i - a ring of resist corrosion (right hand)
 q - a ring of see invisible (left hand)
Wands
 b - a wand of enslavement (7)
 e - a wand of disintegration (30)
Scrolls
 f - 3 scrolls of enchant armour
 t - 2 scrolls of teleportation
 x - a scroll of remove curse
 z - a scroll of blinking
Potions
 d - a potion of might
 g - 2 potions of berserk rage
 j - a potion of heal wounds {unknown}
 k - 4 potions of curing {unknown}
 m - a potion of attraction {unknown}
 n - 4 potions of flight {unknown}
 o - 4 potions of lignification
 u - a potion of haste {unknown}


   Skills:
 + Level 5.9 Fighting
 + Level 9.8 Axes
 + Level 5.8 Armour
 + Level 6.0 Shields


You had 7 spell levels left.
You didn't know any spells.
Your spell library was empty.

Dungeon Overview and Level Annotations

Branches:
Dungeon (6/15)             Temple (0/1) D:4           Sewer (visited)

Altars:
Cheibriados
Dithmenos
Elyvilon
Nemelex Xobeh
Sif Muna
Vehumet
Xom
Yredelemnul

Shops:
D:5 [


Message History

You barely miss the two-headed ogre.
The two-headed ogre is heavily wounded.
You block the two-headed ogre's attack. x2
You slash the two-headed ogre!
The two-headed ogre is severely wounded.
You hit the two-headed ogre.
The two-headed ogre is severely wounded.
The two-headed ogre hits you with a +0 giant club! x2
You barely miss the two-headed ogre.
The two-headed ogre is severely wounded.
The two-headed ogre closely misses you. x2
You hit the two-headed ogre.
The two-headed ogre is almost dead.
The two-headed ogre hits you with a +0 giant club!
* * * LOW HITPOINT WARNING * * *
The two-headed ogre closely misses you.
You hit the two-headed ogre.
The two-headed ogre is almost dead.
The two-headed ogre hits you with a +0 giant club!!
You die...

#.# #.# # #.# #.#
#.# #.# #.# #.#
##.#.####### #.#
......O@...# #.#
.#.#.#####.#####.#
#.............#
#######.#######
#.# #.# #.# ..#
.##


You could see a two-headed ogre.

Vanquished Creatures
  Sigmund (D:5)
  3 ogres
  3 centaurs
  A big kobold (Sewer)
  2 scorpions (D:5)
  A bullfrog zombie (D:5)
  3 hounds (D:5)
  An orc priest (D:5)
  Jessica (D:2)
  2 iguanas (D:5)
  4 orc wizards
  A worker ant (D:5)
  6 adders
  3 river rats
  4 white imps
  An ooze (D:2)
  A worm (D:3)
  The ghost of Arum the Sneak, a weakling FoDe (D:5)
  5 dart slugs
  3 leopard geckos
  11 orcs
  A ball python (D:6)
  9 bats
  4 giant cockroaches
  9 goblins
  7 hobgoblins
  6 jackals
  3 quokkas
  5 frilled lizards
  8 kobolds
  12 rats
122 creatures vanquished.

Vanquished Creatures (others)
  An orc (D:4)
1 creature vanquished.

Grand Total: 123 creatures vanquished

Notes
Turn   | Place    | Note
-------+----------+-------------------------------------------
     0 | D:1      | Dirian the Hill Orc Fighter began the quest for the Orb.
     0 | D:1      | Reached XP level 1. HP: 19/19 MP: 1/1
    63 | D:1      | Reached XP level 2. HP: 27/27 MP: 2/2
   191 | D:1      | Reached skill level 3 in Axes
   266 | D:1      | Reached XP level 3. HP: 26/33 MP: 3/3
   951 | D:2      | Noticed Jessica
   961 | D:2      | Killed Jessica
   962 | D:2      | Reached skill level 4 in Axes
   962 | D:2      | Reached XP level 4. HP: 23/40 MP: 4/4
  1291 | D:2      | Found a white marble altar of Elyvilon.
  2099 | D:3      | Reached XP level 5. HP: 47/47 MP: 5/5
  2504 | D:4      | Found a basalt altar of Yredelemnul.
  2505 | D:4      | Found a radiant altar of Vehumet.
  2515 | D:4      | Found a snail-covered altar of Cheibriados.
  2723 | D:4      | Noticed a centaur
  2730 | D:4      | Killed a centaur
  2731 | D:4      | Reached skill level 5 in Axes
  2731 | D:4      | Reached XP level 6. HP: 38/53 MP: 6/6
  2877 | D:4      | Found a staircase to the Ecumenical Temple.
  2954 | D:4      | Found a shimmering altar of Xom.
  2965 | D:4      | Became a worshipper of Beogh the Brigand
  3080 | D:4      | Found a shadowy altar of Dithmenos.
  3081 | D:4      | Found a sparkling altar of Nemelex Xobeh.
  3081 | D:4      | Found a shimmering blue altar of Sif Muna.
  3326 | D:5      | Entered Level 5 of the Dungeon
  3572 | D:5      | Reached skill level 6 in Axes
  3675 | D:5      | Reached skill level 5 in Armour
  3977 | D:5      | Reached XP level 7. HP: 46/60 MP: 7/7
  4022 | D:5      | Reached skill level 7 in Axes
  4022 | D:5      | Reached skill level 5 in Shields
  4143 | D:5      | Found a runed translucent door.
  4363 | D:5      | Reached skill level 5 in Fighting
  4378 | D:5      | Reached skill level 8 in Axes
  4426 | D:5      | Noticed Arum's ghost (weakling FoDe)
  4566 | D:5      | Reached XP level 8. HP: 66/68 MP: 8/8
  4775 | D:5      | Noticed Sigmund
  4790 | D:5      | Killed Sigmund
  4791 | D:5      | Reached skill level 9 in Axes
  5060 | D:5      | Found Siebbual's Antique Armour Shop.
  5211 | D:5      | Killed Arum's ghost
  5256 | D:6      | Reached * piety under Beogh
  5367 | D:6      | Found a glowing drain.
  5415 | Sewer    | Entered a sewer
  5507 | Sewer    | Found a white marble altar of Elyvilon.
  5599 | D:6      | Noticed a two-headed ogre
  5614 | D:6      | Mangled by a two-headed ogre

Illustrated notes

Levels and vault maps discovered:
D:1:      psy_arrival_fountain, layout_basic
D:2:      layout_rooms, lemuel_coloured_pillars_altar, uniq_jessica
D:3:      minmay_angry_zag, layout_basic
D:4:      layout_loops_corners, grunt_temple_overflow_open,
          overflow_temple_1_default, minmay_temple_entry_mini_moons,
          kennysheep_cluttered_room
D:5:      layout_basic, serial_shops, shop, hellmonk_ghost_happy_afterlife,
          hangedman_minor_gate_pass, uniq_sigmund
D:6:      layout_basic, portal_sewer_entry_c, chequers_serial_rivers_room_b

Skill      XL: |  1  2  3  4  5  6  7  8 |
---------------+-------------------------+-----
Axes           | 3 4 5 6 8 9 |  9.8
Fighting       | 4 5 |  5.9
Shields        | 4 5 6 |  6.0
Armour         | 4 5 |  5.8

Action                   |  1- 3 |  4- 6 |  7- 9 || total
-------------------------+-------+-------+-------++-------
Melee: War axe           |   102 |   142 |   192 ||   436
Invok: Convert to Beogh  |       |     1 |       ||     1
  Use: Scroll            |       |     9 |     1 ||    10
       Potion            |       |       |     1 ||     1
Armor: Scale mail        |    38 |    29 |       ||    67
       Ring mail         |       |    24 |    69 ||    93
Dodge: Dodged            |    30 |    42 |    51 ||   123
Block: Kite shield       |    51 |    76 |   103 ||   230
